 Dungeon Crawl Stone Soup version 0.30-a0-879-ga8ba668304 (webtiles) character file.

Game seed: 10196469223477391386

9982 Morbidden the Protected (level 11, 0/95 HPs)
             Began as an Armataur Fighter on Mar 13, 2023.
             Was an Elder of Cheibriados.
             Slain by a gargoyle
             ... wielding a +0 mace
              (1 damage)
             ... on level 11 of the Dungeon.
             The game lasted 00:17:20 (14470 turns).

Morbidden the Protected (Armataur Fighter)         Turns: 14470, Time: 00:17:20

Health: 0/95       AC: 17    Str: 32    XL:     11   Next: 30%
Magic:  15/15      EV:  8    Int: 23    God:    Cheibriados [****..]
Gold:   251        SH:  7    Dex: 22    Spells: 16/16 levels left

rFire   . . .      SeeInvis .    K - +3 morningstar
rCold   . . .      Faith    .    c - +0 buckler
rNeg    . . .      Spirit   .    C - +0 plate armour
rPois   .          Reflect  .    (no helmet)
rElec   .          Roll     +    e - +0 cloak
rCorr   .                        I - +2 pair of gloves {Dex+3}
Will    .....                    (no barding) Stlth
                                 (no amulet)
HPRegen 0.35/turn                h - ring of flight
MPRegen 0.14/turn                (no ring)

@: flying, very slow
A: large, rugged brown scales 3, deformed body, armoured tail, roll, long
tongue, awkward tongue
a: Renounce Religion, Bend Time, Temporal Distortion, Slouch


You were on level 11 of the Dungeon.
You worshipped Cheibriados.
Cheibriados was greatly pleased with you.
You visited 2 branches of the dungeon, and saw 12 of its levels.

You collected 597 gold pieces.
You spent 346 gold pieces at shops.

Inventory:

Hand Weapons
 a - a +0 trident
 b - a +2 heavy war axe
 H - a +1 short sword of venom
 K - a +3 morningstar (weapon)
Missiles
 x - 6 silver boomerangs (quivered)
 y - 17 poisoned darts
 M - a curare-tipped dart
Armour
 c - a +0 buckler (worn)
 e - a +0 cloak (worn)
 C - a +0 plate armour (worn)
 F - +0 ice dragon scales
 I - a +2 pair of gloves of dexterity (worn)
Jewellery
 h - a ring of flight (left hand)
 l - a ring of ice
Wands
 t - a wand of flame (7)
 u - a wand of mindburst (1)
 J - a wand of roots (7)
 P - a wand of polymorph (8)
Scrolls
 g - 10 scrolls of identify
 i - a scroll of summoning {unknown}
 j - 2 scrolls of blinking
 r - 2 scrolls of poison {unknown}
 s - 2 scrolls of noise {unknown}
 B - a scroll of fog {unknown}
 D - a scroll of torment {unknown}
 E - a scroll of vulnerability {unknown}
 G - a scroll of immolation {unknown}
 L - a scroll of amnesia {unknown}
Potions
 d - 2 potions of might
 k - 2 potions of cancellation
 m - 2 potions of berserk rage {unknown}
 o - a potion of invisibility {unknown}
 p - 4 potions of mutation
 q - 2 potions of attraction {unknown}
 v - 5 potions of curing
 w - 3 potions of flight {unknown}
 z - 2 potions of lignification
 A - 3 potions of degeneration {unknown}
Miscellaneous
 O - a phantom mirror


   Skills:
 * Level 5.9 Fighting
 + Level 0.6 Short Blades
 * Level 6.2(7.6) Axes
 + Level 1.5(4.5) Maces & Flails
 * Level 6.2(7.5) Polearms
 + Level 0.2 Throwing
 * Level 10.3 Armour
 * Level 3.3 Dodging
 + Level 2.4 Stealth
 * Level 6.2 Shields
 * Level 3.2 Spellcasting
 * Level 3.2 Invocations
 * Level 4.6 Evocations


You had 16 spell levels left.
You didn't know any spells.
Your spell library contained the following spells:

 Spells                   Type           Power      Damage    Failure   Level
 Beastly Appendage        Tmut           6%         N/A       65%         1
 Lesser Beckoning         Tloc           6%         N/A       78%         2
 Wereblood                Tmut           3%         N/A       78%         2
 Gell's Gravitas          Tloc           3%         N/A       95%         3
 Inner Flame              Hex/Fire       3%         N/A       95%         3
 Spider Form              Tmut/Pois      3%         N/A       95%         3
 Teleport Other           Tloc           3%         N/A       95%         3
 Flame Wave               Conj/Fire      3%         2d5       100%        4
 Sticky Flame             Conj/Fire      3%         2d3       100%        4
 Summon Ice Beast         Ice/Summ       3%         N/A       100%        4
 Summon Mana Viper        Hex/Summ       3%         N/A       100%        5
 Monstrous Menagerie      Summ           1%         N/A       100%        7


Dungeon Overview and Level Annotations

Branches:
Dungeon (11/15)            Temple (1/1) D:5            Lair (0/5) D:10
    Orc: D:9-12

Altars:
Ashenzari
Cheibriados
Dithmenos
Elyvilon
Hepliaklqana
Kikubaaqudgha
Makhleb
Nemelex Xobeh
Okawaru
Qazlal
Ru
Sif Muna
Vehumet
Wu Jian
Xom
Yredelemnul
Zin
The Shining One

Shops:
D:7 :   D:8 [!*[   D:10 (

Annotations:
D:8 4 transporters
D:9 3 runed translucent doors, Corto's ghost, novice GrEE


Innate Abilities, Weirdness & Mutations

You are completely covered in rugged brown scales. (AC +3, +7% HP)
Armour fits poorly on your strangely shaped body.
You have a long armoured tail.
You roll when moving toward enemies. (Rampage)
Your long tongue fully drains potion bottles. (2x potion effects)
Your tongue gives you trouble enunciating. (1.5x scroll delay)


Message History

As you slowly read the scroll of fear, it crumbles to dust.
You assume a fearsome visage.
The yak looks frightened! x4
The gargoyle is unaffected.
The gargoyle hits you with a +0 mace.
* * * LOW HITPOINT WARNING * * *
The yak enters a dispersal trap!
The yak blinks! x3; The gargoyle blinks!
You blink.
Found an escape hatch in the ceiling.
The yak blinks!
Unknown command.
Unknown command.
Unknown command.
You slurp down every last drop of the potion of heal wounds!
You feel much better.
Unknown command.
Unknown command.
Unknown command.
K - a +3 morningstar (weapon)
The gargoyle hurls a stone arrow at you.
The stone arrow misses you.
Unknown command.
You roll towards the yak!
The cyclops shouts!
The gargoyle hurls a stone arrow at you.
The stone arrow hits you!
Unknown command.
The cyclops throws a large rock.
The large rock hits you!!!
* * * LOW HITPOINT WARNING * * *
The gargoyle hurls a stone arrow at you.
The stone arrow hits you but does no damage.
Unknown command.
You block the gargoyle's attack. The gargoyle closely misses you.
Unknown command.
Unknown command.
The gargoyle barely misses you.
Unknown command.
Unknown command.
The gargoyle hurls a stone arrow at you.
The stone arrow hits you!
* * * LOW HITPOINT WARNING * * *
The cyclops throws a large rock.
You block the large rock. The gargoyle hits you with a +0 mace.
You die...

........##...........<.
#...#.................#.
#..#....##..............
......#.#...........#...
.B.....................
.####.#........^#...##.
## .............#.##.# #
.....C....9........
...........@.##.### ..#
.....#.......# . ....
..## ##.>.#### .... ?
...Y.## ..#. ..#### ...
Y. ... #. .


You could see a cyclops, 2 yaks and a gargoyle.

Vanquished Creatures
  A two-headed ogre (D:11)
  A gargoyle (D:9)
  Maggie (D:8)
  A troll (D:10)
  Prince Ribbit (D:5)
  6 wyverns
  A vampire (D:10)
  A wraith (D:9)
  13 yaks
  A basilisk (D:10)
  4 vampire mosquitoes (D:10)
  A steam dragon (D:9)
  4 water moccasins
  An orc warrior (D:9)
  A sky beast (D:8)
  4 black bears
  3 ice beasts
  2 ogres
  3 centaurs
  4 phantoms
  2 kobold brigands
  6 bullfrogs
  A scorpion (D:5)
  3 gnoll sergeants
  14 wights
  10 howler monkeys
  2 jellies (D:6)
  A hound (D:6)
  6 orc priests
  A sleepcap (D:5)
  An iguana (D:5)
  5 orc wizards
  Natasha (thrice) (D:4)
  7 adders
  13 gnolls
  2 shadow imps
  6 white imps
  An ufetubus (D:6)
  2 worms (D:2)
  2 dart slugs
  23 orcs
  4 bats
  8 endoplasms
  2 giant cockroaches (D:3)
  5 goblins
  7 hobgoblins
  9 jackals
  11 kobolds
  3 quokkas
  6 ball pythons
  3 frilled lizards
  A rat (D:2)
224 creatures vanquished.

Vanquished Creatures (others)
  An orc wizard (D:5)
  4 fungi (D:10)
  10 plants (D:10)
15 creatures vanquished.

Grand Total: 239 creatures vanquished

Notes
Turn   | Place    | Note
-------+----------+-------------------------------------------
     0 | D:1      | Morbidden the Armataur Fighter began the quest for the Orb.
     0 | D:1      | Reached XP level 1. HP: 19/19 MP: 1/1
     2 | D:1      | Noticed a vampire
     2 | D:1      | Noticed a formicid
     4 | D:1      | Noticed a ghoul
     4 | D:1      | Noticed an elf
     6 | D:1      | Noticed an octopode
     8 | D:1      | Noticed a demigod
     8 | D:1      | Noticed a felid
    10 | D:1      | Noticed a minotaur
    10 | D:1      | Noticed a naga
    12 | D:1      | Noticed an ogre
    14 | D:1      | Noticed a vine stalker
    14 | D:1      | Noticed a meteoran
    16 | D:1      | Noticed a demonspawn
    16 | D:1      | Noticed a gargoyle
    18 | D:1      | Noticed an armataur
    18 | D:1      | Noticed a spriggan
    20 | D:1      | Noticed a draconian
    20 | D:1      | Noticed a human
    22 | D:1      | Noticed a merfolk
    22 | D:1      | Noticed a tengu
    26 | D:1      | Noticed a gargoyle
    26 | D:1      | Noticed a demigod
   281 | D:1      | Reached XP level 2. HP: 26/26 MP: 2/2
   707 | D:1      | Reached skill level 4 in Armour
  1136 | D:2      | Reached XP level 3. HP: 29/32 MP: 3/3
  1758 | D:3      | Found a faded altar of an unknown god.
  2121 | D:3      | Reached XP level 4. HP: 40/40 MP: 4/4
  2807 | D:4      | Noticed a phantom
  2820 | D:4      | Killed a phantom
  2821 | D:4      | Reached skill level 5 in Armour
  2821 | D:4      | Reached XP level 5. HP: 42/48 MP: 4/6
  3065 | D:4      | Reached skill level 1 in Axes
  3183 | D:4      | Noticed Natasha
  3197 | D:4      | Killed Natasha
  3198 | D:4      | Reached XP level 6. HP: 12/54 MP: 7/7
  3388 | D:4      | Reached skill level 1 in Spellcasting
  3680 | D:4      | Noticed Natasha
  3691 | D:4      | Killed Natasha
  3874 | D:4      | Noticed Natasha
  3881 | D:4      | Killed Natasha
  3882 | D:4      | Reached skill level 1 in Stealth
  4002 | D:5      | Entered Level 5 of the Dungeon
  4007 | D:5      | Noticed a water moccasin
  4015 | D:4      | Reached skill level 1 in Dodging
  4300 | D:5      | Noticed an ice beast
  4336 | D:5      | Reached skill level 6 in Armour
  4353 | D:5      | Reached XP level 7. HP: 9/60 MP: 8/8
  4363 | D:5      | HP: 1/60 [water moccasin (5)]
  4600 | D:5      | Found a sacrificial altar of Ru.
  4723 | D:5      | HP: 2/60 [orc priest/divine providence (13)]
  5081 | D:5      | Noticed Prince Ribbit
  5092 | D:5      | Killed Prince Ribbit
  5093 | D:5      | Reached skill level 1 in Evocations
  5093 | D:5      | Reached XP level 8. HP: 16/70 MP: 10/10
  5304 | D:5      | Found a staircase to the Ecumenical Temple.
  5748 | Temple   | Entered the Ecumenical Temple
  5782 | Temple   | Became a worshipper of Cheibriados the Contemplative
  5874 | D:5      | Reached skill level 7 in Armour
  6597 | D:6      | Reached skill level 5 in Shields
  6888 | D:6      | Reached * piety under Cheibriados
  7254 | D:7      | Reached skill level 1 in Invocations
  7615 | D:7      | Found Wimeodeth's Book Boutique.
  7640 | D:7      | Reached XP level 9. HP: 14/77 MP: 12/12
  8127 | D:7      | Reached ** piety under Cheibriados
  8133 | D:7      | Reached skill level 5 in Polearms
  8154 | D:7      | Reached skill level 8 in Armour
  9391 | D:8      | Found Ceozy's Armour Shoppe.
  9395 | D:8      | Bought a +2 pair of gloves of dexterity for 236 gold pieces
  9418 | D:8      | Reached skill level 5 in Fighting
  9471 | D:8      | Found a transporter.
  9484 | D:8      | Found a transporter.
  9492 | D:8      | Found a transporter.
  9851 | D:8      | Noticed Maggie
  9857 | D:8      | Killed Maggie
  9858 | D:8      | Reached XP level 10. HP: 46/86 MP: 14/14
  9995 | D:8      | Found Zudan's Distillery.
 10001 | D:8      | Bought a potion of lignification for 30 gold pieces
 10001 | D:8      | Bought a potion of mutation for 80 gold pieces
 10007 | D:8      | Found Fitijas's Antique Armour Boutique.
 10016 | D:8      | Found Gaukhes's Assorted Antiques.
 10044 | D:8      | Reached *** piety under Cheibriados
 10177 | D:8      | Found a transporter.
 10279 | D:8      | Reached skill level 9 in Armour
 10667 | D:8      | HP: 4/82 [poisoned by a wight]
 11335 | D:8      | Reached skill level 5 in Axes
 11803 | D:9      | Noticed a gargoyle
 11878 | D:9      | Killed a gargoyle
 12110 | D:9      | Identified the +6 mace "Maraeset" {heavy, rElec Dex+3}
 12117 | D:9      | Found a runed translucent gate.
 12117 | D:9      | Found a runed translucent gate.
 12117 | D:9      | Found a runed translucent gate.
 12256 | D:9      | Noticed Corto's ghost (novice GrEE)
 12266 | D:9      | Reached **** piety under Cheibriados
 12571 | D:10     | Entered Level 10 of the Dungeon
 12764 | D:10     | Reached XP level 11. HP: 73/95 MP: 15/15
 12770 | D:10     | Reached skill level 10 in Armour
 13354 | D:10     | Found a staircase to the Lair.
 13398 | D:10     | Reached skill level 1 in Maces & Flails
 14102 | D:10     | Found Doplesat's Antique Weapon Emporium.
 14321 | D:11     | Noticed a two-headed ogre
 14329 | D:11     | Killed a two-headed ogre
 14455 | D:11     | Noticed a boulder beetle
 14470 | D:11     | HP: 1/95 [gargoyle/stone arrow (11)]
 14470 | D:11     | Slain by a gargoyle

Illustrated notes

Levels and vault maps discovered:
D:1:      kb_arrival_jail, layout_basic, serial_forest,
          infiniplex_forest_straight_2, infiniplex_forest_clump_long,
          infiniplex_forest_lined_room_2, infiniplex_forest_straight_2,
          infiniplex_forest_lined_2
D:2:      layout_basic
D:3:      layout_basic, hellmonk_ecumenical_altar_dog_temple
D:4:      layout_basic, minivault_23, uniq_natasha
D:5:      layout_basic, nicolae_ru_sacrificial_ziggurat,
          minmay_temple_entry_stoned_glass, kennysheep_generic_room_5,
          uniq_prince_ribbit1
D:6:      layout_basic, chequers_arboretum, grunt_ministairs_8
D:7:      layout_cave_pods, serial_shops, shop
D:8:      layout_loops_corners, serial_shops, nicolae_shop_trees,
          nicolae_shop_crystal, shop, shop, nicolae_transporter_circle,
          uniq_maggie
D:9:      layout_rooms, gammafunk_ghost_icy
D:10:     layout_basic, minmay_lair_entry_grove, serial_shops, shop
D:11:     layout_rooms, david_orc_1_choice
Temple:   nicolae_temple_the_god_donut

Skill      XL: |  1  2  3  4  5  6  7  8  9 10 11 |
---------------+----------------------------------+-----
Armour         | 4 5 6 7 8 9 10 | 10.3
Fighting       | 3 4 5 |  5.9
Polearms       | 2 3 4 6 |  6.2
Axes           | 1 2 3 5 6 |  6.2
Spellcasting   | 1 2 3 |  3.2
Shields        | 4 5 6 |  6.2
Stealth        | 1 2 |  2.4
Dodging        | 1 2 3 |  3.3
Evocations     | 1 2 3 4 |  4.6
Invocations    | 1 2 3 |  3.2
Maces & Flails | 1 |  1.5
Short Blades   | |  0.6
Throwing       | |  0.2

Action                     |  1- 3 |  4- 6 |  7- 9 | 10-12 || total
---------------------------+-------+-------+-------+-------++-------
  Melee: Trident           |   112 |   125 |   325 |    45 ||   607
         Tailslap          |     9 |    19 |    49 |    28 ||   105
         Short sword       |       |    60 |     4 |       ||    64
         War axe           |       |       |    29 |   104 ||   133
         Morningstar       |       |       |       |    23 ||    23
  Throw: Boomerang         |       |       |     4 |     5 ||     9
         Dart              |       |       |     5 |       ||     5
  Evoke: Wand              |       |     6 |    15 |     3 ||    24
    Use: Potion            |       |     2 |     4 |     3 ||     9
         Scroll            |       |     3 |     4 |     4 ||    11
 Armour: Scale mail        |    52 |    83 |    64 |       ||   199
         Plate armour      |       |       |   165 |   199 ||   364
         Skin              |       |       |       |    23 ||    23
  Dodge: Dodged            |    34 |    50 |   123 |    80 ||   287
  Block: Buckler           |    16 |    32 |    96 |    85 ||   229

Table legend: (Time is in decaauts)
 A = Elapsed time spent in this place.
 B = Non-inter-level travel time spent in this place.
 C = Inter-level travel time spent in this place.
 D = Time resting spent in this place.
 E = Time spent auto-exploring this place.
 F = Levels seen in this place.
 G = Mean time per level.
                   A        B        C        D        E       F      G
               +--------+--------+--------+--------+--------+-----+--------+
         Total |  16564 |  15799 |    765 |   3170 |  10583 |  12 | 1380.3 |
       Dungeon |  16500 |  15763 |    737 |   3170 |  10564 |  11 | 1500.0 |
        Temple |     63 |     35 |     28 |      0 |     19 |   1 |   63.0 |
               +--------+--------+--------+--------+--------+-----+--------+

Top non-repeatable levels by time:
     D:8: 2869 daAuts
     D:5: 2391 daAuts
     D:7: 2349 daAuts
     D:9: 1775 daAuts
    D:10: 1592 daAuts
     D:4: 1556 daAuts
     D:6: 1049 daAuts
     D:1: 1003 daAuts
     D:3: 958 daAuts
     D:2: 758 daAuts
    D:11: 196 daAuts
  Temple: 63 daAuts
